 Dungeon Crawl Stone Soup version 0.24-a0-778-g74da537585 (webtiles) character file.

Game seed: 13822812855322954838, levelgen mode: deterministic

5268 Gynju the Thaumaturge (level 10, -14/50 HPs)
             Began as a Deep Elf Fire Elementalist on Oct 7, 2019.
             Was a Believer of Vehumet.
             Demolished by a shadow (32 damage)
             ... on level 10 of the Dungeon.
             The game lasted 00:17:40 (13676 turns).

Gynju the Thaumaturge (Deep Elf Fire Elementalist) Turns: 13676, Time: 00:17:41

Health: -14/50     AC:  4    Str:  5    XL:     10   Next: 36%
Magic:  3/34       EV: 20    Int: 35    God:    Vehumet [**....]
Gold:   583        SH:  9    Dex: 23    Spells: 18/28 levels left

rFire    . . .     SeeInvis .   A - +8 hunting sling of Saomm {flame, rC- rN+ MR+ Int+8}
rCold    x . .     Gourm    .   F - +3 buckler of the Teacher {Int+3 Dex+3 Slay+2}
rNeg     + . .     Faith    .   a - +0 robe
rPois    .         Spirit   .   (no helmet)
rElec    .         Reflect  .   t - +1 cloak
rCorr    .         Harm     .   (no gloves)
MR       ++...                  (no boots)
Stlth    +++.......             (no amulet)
HPRegen  0.16/turn              s - +5 ring of dexterity
MPRegen  0.24/turn              v - ring of magical power

@: no status effects
A: no striking features
a: Renounce Religion


You were on level 10 of the Dungeon.
You worshipped Vehumet.
Vehumet was pleased with you.
You were not hungry.

You visited 2 branches of the dungeon, and saw 12 of its levels.

You collected 583 gold pieces.

Inventory:

Hand Weapons
 A - the +8 hunting sling of Saomm (weapon) {flame, rC- rN+ MR+ Int+8}
   (You found it on level 4 of the Dungeon)

   It causes projectiles fired from it to burn those they strike, causing extra
   injury to most foes and up to half again as much damage against particularly
   susceptible opponents.
   It affects your intelligence (+8).
   It makes you vulnerable to cold.
   It protects you from negative energy.
   It affects your resistance to hostile enchantments.
Missiles
 n - 7 curare-tipped darts
 z - 202 stones (quivered)
Armour
 a - a +0 robe (worn)
 h - a +2 buckler of fire resistance
 t - a +1 cloak (worn)
 F - the +3 buckler of the Teacher (worn) {Int+3 Dex+3 Slay+2}
   (You found it on level 7 of the Dungeon)

   It affects your intelligence (+3).
   It affects your dexterity (+3).
   It affects your accuracy and damage with ranged weapons and melee attacks
   (+2).
Jewellery
 g - an uncursed ring of ice
 q - an uncursed ring of protection from fire
 r - an uncursed ring of poison resistance
 s - a +5 ring of dexterity (left hand)
 v - a ring of magical power (right hand)
Wands
 i - a wand of flame (12)
Scrolls
 b - 2 scrolls of fear
 d - 6 scrolls of teleportation
 j - 5 scrolls of enchant armour
 p - 3 scrolls of remove curse {@r2}
 u - 3 scrolls of enchant weapon
 x - a scroll of magic mapping
 y - a scroll of identify {@r1}
 B - 2 scrolls of amnesia
 E - a scroll of immolation
Potions
 e - a potion of brilliance {unknown}
 f - 2 potions of invisibility {unknown}
 k - 4 potions of curing {unknown}
 l - 3 potions of haste {unknown}
 m - a potion of heal wounds {unknown}
 o - 2 potions of might {unknown}
 w - a potion of degeneration {unknown}
 C - 2 potions of mutation {unknown}
 G - a potion of magic {unknown}
 H - 2 potions of flight {unknown}
Comestibles
 c - 22 rations


   Skills:
 + Level 3.1 Slings
 * Level 8.8 Dodging
 - Level 2.4 Stealth
 - Level 4.0 Shields
 * Level 9.6 Spellcasting
 * Level 7.6 Conjurations
 * Level 8.4 Fire Magic


You had 18 spell levels left.
You knew the following spells:

 Your Spells              Type           Power        Failure   Level  Hunger
a - Throw Flame           Conj/Fire      ######       1%          2    None
c - Conjure Flame         Conj/Fire      ######..     1%          3    None
d - Blink                 Tloc           N/A          4%          2    None
e - Mephitic Cloud        Conj/Pois/Air  ####....     2%          3    None

Your spell library contained the following spells:

 Spells                   Type           Power        Failure   Level  Hunger
 Freeze                   Ice            ###.         2%          1    None
 Flame Tongue             Conj/Fire      #####        1%          1    None
 Magic Dart               Conj           ####         1%          1    None
 Sting                    Conj/Pois      ####         1%          1    None
 Searing Ray              Conj           ######       1%          2    None
 Dazzling Spray           Conj/Hex       #####.       1%          3    None
 Inner Flame              Hex/Fire       #####...     1%          3    None
 Iskenderun's Mystic Bla  Conj           ######..     1%          4    None
 Sticky Flame             Conj/Fire      ######..     1%          4    None
 Animate Skeleton         Necr           N/A          2%          1    None
 Pain                     Necr           ###.         2%          1    None
 Fireball                 Conj/Fire      ######....   2%          5    ###....
 Call Imp                 Summ           ###.....     4%          2    None
 Poisonous Vapours        Pois/Air       ###...       4%          2    None
 Shroud of Golubria       Chrm/Tloc      ###...       4%          2    None
 Slow                     Hex            ###.....     4%          2    None
 Force Lance              Conj/Tloc      #####...     5%          4    None
 Fulminant Prism          Conj/Hex       #####.....   5%          4    None
 Regeneration             Chrm/Necr      ###.......   8%          3    None
 Vampiric Draining        Necr           ###.......   8%          3    None
 Venom Bolt               Conj/Pois      #####.....   16%         5    ###....
 Animate Dead             Necr           N/A          26%         4    None
 Olgreb's Toxic Radiance  Pois           ###.....     26%         4    None
 Controlled Blink         Tloc           N/A          100%        8    #######


Dungeon Overview and Level Annotations

Branches:
Dungeon (11/15)            Temple (1/1) D:6            Lair (0/6) D:10
    Orc (0/2) D:9

Altars:
Ashenzari
Cheibriados
Dithmenos
Elyvilon
Fedhas
Gozag
Hepliaklqana
Kikubaaqudgha
Makhleb
Nemelex Xobeh
Okawaru
Qazlal
Ru
Sif Muna
Trog
Uskayaw
Vehumet
Wu Jian
Xom
Yredelemnul
Zin
The Shining One

Shops:
D:10 ?

Annotations:
D:6 Harold


Message History

Confirm with . or Enter, or press ? or * to list all spells.
You don't have enough magic to cast that spell.
Unknown command.
Casting: Throw Flame (safe; 1% risk of failure)
Confirm with . or Enter, or press ? or * to list all spells.
Okay, then.
Okay, then.
The shadow misses you. You block the shadow's attack.
You climb upwards.
There is a stone staircase leading down here.
The shadow closely misses you. You block the shadow's attack.
The shadow slips into darkness.
The shadow flickers and vanishes!
Deactivating autopickup; reactivate with Ctrl-A.
The shadow slips into darkness.
The shadow flickers and vanishes!
The shadow strikes at you from the darkness!
Ouch! That really hurt!
You die...

...).....#.##.##...# #.# #..
..)........##.#...## #####.#####
..........###.....#####..........
........................#...#####
...........###........###.### #
.........#...#.........>..# #
....#######............#### ##
....# ###..##.......## #. ....#
#.......@.....#### #. ...##
##.###<...........##### #. ####
##..#...##..######.....###.
#######..#..#####......#####.....
.........#.## ######...#######รท
.........#.# ###..## #<
.........#.# ##..#####.
...........# #........
.........### #........


There were no monsters in sight!

Vanquished Creatures
  2 trolls (D:10)
  A wraith (D:10)
  Grum (D:9)
  A hungry ghost (D:9)
  A warg (D:9)
  2 soldier ants (D:10)
  2 water moccasins (D:10)
  5 orc warriors
  2 sky beasts
  A black bear (D:6)
  2 wolves (D:9)
  3 ogres
  A crocodile (D:10)
  A big kobold (D:9)
  A bullfrog (D:10)
  A wyvern zombie (D:7)
  4 scorpions
  3 wights (D:10)
  5 killer bees (D:7)
  7 jellies
  A bullfrog zombie (D:8)
  3 crimson imps
  2 quasits
  A bullfrog skeleton (D:10)
  4 hounds
  9 orc priests
  2 centaur skeletons (D:7)
  10 orc wizards
  Jessica (D:3)
  4 iguanas
  Natasha (thrice) (D:3)
  13 worker ants
  A hound skeleton (D:7)
  10 adders
  A shadow imp (D:10)
  An ooze (D:2)
  2 adder skeletons
  3 worms
  A dart slug (D:1)
  4 leopard geckos
  52 orcs
  A ball python (D:6)
  4 bats
  5 giant cockroaches
  9 hobgoblins
  8 jackals
  17 kobolds
  4 quokkas
  A ball python skeleton (D:5)
  4 frilled lizards
  2 gnoll zombies (D:3)
  2 goblins (D:1)
  2 leopard gecko skeletons
  2 quokka skeletons
  7 rats
242 creatures vanquished.

Notes
Turn   | Place    | Note
-------+----------+-------------------------------------------
     0 | D:1      | Gynju the Deep Elf Fire Elementalist began the quest for
                  | the Orb.
     0 | D:1      | Reached XP level 1. HP: 10/10 MP: 6/6
   205 | D:1      | Reached XP level 2. HP: 15/15 MP: 6/8
  1151 | D:2      | Reached XP level 3. HP: 19/19 MP: 6/10
  1649 | D:2      | Reached skill level 1 in Shields
  1649 | D:2      | Reached XP level 4. HP: 5/24 MP: 8/11
  1977 | D:2      | You fall into a shaft and drop 2 floors!
  1994 | D:4      | Reached skill level 4 in Spellcasting
  2001 | D:4      | Learned a level 2 spell: Throw Flame
  2005 | D:4      | Learned a level 3 spell: Conjure Flame
  2102 | D:4      | Reached XP level 5. HP: 11/28 MP: 3/13
  2715 | D:3      | Noticed Jessica
  2721 | D:3      | Killed Jessica
  2880 | D:3      | Noticed Natasha
  2889 | D:3      | Killed Natasha
  3053 | D:2      | Reached XP level 6. HP: 32/32 MP: 9/15
  3621 | D:3      | Noticed Natasha
  3623 | D:3      | Killed Natasha
  3689 | D:3      | Noticed Natasha
  3696 | D:3      | Killed Natasha
  3867 | D:3      | Reached skill level 5 in Spellcasting
  4137 | D:3      | Found a basalt altar of Yredelemnul.
  5150 | D:4      | Got an ichor-stained hunting sling
  5536 | D:4      | Identified the +8 hunting sling of Saomm {flame, rC- rN+
                  | MR+ Int+8} (You found it on level 4 of the Dungeon)
  5556 | D:5      | Entered Level 5 of the Dungeon
  5614 | D:5      | Reached skill level 5 in Fire Magic
  5614 | D:5      | Reached XP level 7. HP: 36/36 MP: 16/16
  5795 | D:5      | Found a shadowy altar of Dithmenos.
  6339 | D:5      | Reached skill level 5 in Dodging
  6877 | D:6      | Reached skill level 6 in Spellcasting
  6893 | D:5      | Reached XP level 8. HP: 18/41 MP: 1/19
  7342 | D:6      | Learned a level 2 spell: Blink
  7346 | D:6      | Learned a level 3 spell: Mephitic Cloud
  7442 | D:6      | Found a staircase to the Ecumenical Temple.
  7449 | Temple   | Entered the Ecumenical Temple
  7510 | Temple   | Became a worshipper of Vehumet
  7959 | D:6      | Reached skill level 1 in Slings
  8273 | D:7      | Reached skill level 5 in Conjurations
  8709 | D:7      | Reached skill level 7 in Spellcasting
  8741 | D:7      | Reached * piety under Vehumet
  8741 | D:7      | Offered knowledge of Sandblast by Vehumet.
  9130 | D:7      | Noticed Harold
  9588 | D:7      | Reached XP level 9. HP: 45/45 MP: 12/22
  9756 | D:7      | Got a spiked buckler
  9767 | D:7      | Identified the +3 buckler of the Teacher {Int+3 Dex+3
                  | Slay+2} (You found it on level 7 of the Dungeon)
 10192 | D:8      | Found a shadowy altar of Dithmenos.
 10779 | D:9      | Noticed Grum
 10787 | D:9      | Killed Grum
 10787 | D:9      | Reached skill level 8 in Spellcasting
 11231 | D:9      | Offered knowledge of Freeze by Vehumet.
 11240 | D:9      | Reached ** piety under Vehumet
 11344 | D:9      | Found a staircase to the Orcish Mines.
 11427 | D:9      | Found a sacrificial altar of Ru.
 11508 | D:9      | Identified Cevehir's Catalogue of the Spatial Arsonist
 11586 | D:9      | Found an ancient bone altar of Kikubaaqudgha.
 11605 | D:9      | Found a blossoming altar of Fedhas.
 11952 | D:9      | Found a shimmering blue altar of Sif Muna.
 12078 | D:10     | Entered Level 10 of the Dungeon
 12078 | D:10     | Noticed a troll
 12083 | D:10     | Killed a troll
 12088 | D:10     | Reached skill level 9 in Spellcasting
 12161 | D:10     | Reached XP level 10. HP: 50/50 MP: 25/25
 12213 | D:10     | Found a staircase to the Lair.
 13398 | D:10     | Found Yningiane's Magic Scroll Shop.
 13676 | D:10     | Demolished by a shadow

Levels and vault maps discovered:
D:1:      onia_arrival_pentagram, layout_loops_ring
D:2:      layout_basic, first_ration
D:3:      layout_loops_ring, lemuel_zombie_altar_yredelemnul, uniq_jessica,
          uniq_natasha
D:4:      layout_layer_cave, wad_floor_pattern_1
D:5:      layout_basic, portal_sewer_entry_d, minmay_splitting_lines,
          nicolae_dithmenos_the_darkroom
D:6:      layout_basic, minmay_temple_entry_ruins
D:7:      layout_rooms, uniq_harold
D:8:      layout_basic, nicolae_overflow_crystal_walls, grunt_decor_arrowhead
D:9:      layout_loops_ring, grunt_temple_overflow_growth_and_decay,
          old_standard_altar, marbit_many_paths, david_orc_3,
          lemuel_old_faithful, uniq_grum
D:10:     layout_rooms, lair_entry_dummy, serial_shops, shop_statue,
          hangedman_pestilent_swarm, kennysheep_generic_room_10
D:11:     layout_basic
Temple:   compressed_dpeg_circular_temple

Skill      XL: |  1  2  3  4  5  6  7  8  9 10 |
---------------+-------------------------------+-----
Dodging        | 3 4 5 6 8 |  8.8
Conjurations   | 2 3 4 5 7 |  7.6
Shields        | 1 2 3 4 |  4.0
Spellcasting   | 4 5 6 7 9 |  9.6
Fire Magic     | 4 5 6 7 8 |  8.4
Slings         | 1 2 3 |  3.1
Stealth        | |  2.4

Action                   |  1- 3 |  4- 6 |  7- 9 | 10-12 || total
-------------------------+-------+-------+-------+-------++-------
Melee: Unarmed           |     6 |       |       |       ||     6
 Fire: Hunting sling     |       |     3 |    52 |     4 ||    59
 Cast: Flame Tongue      |    65 |    95 |    15 |       ||   175
       Throw Flame       |       |    61 |   297 |    93 ||   451
       Conjure Flame     |       |       |     8 |       ||     8
       Blink             |       |       |     4 |       ||     4
       Mephitic Cloud    |       |       |     3 |     3 ||     6
  Use: Scroll            |       |       |    17 |       ||    17
  Eat: Chunk             |     2 |    11 |    17 |     1 ||    31
       Ration            |       |       |     1 |     1 ||     2
Armor: Robe              |     8 |     7 |     9 |     5 ||    29
Dodge: Dodged            |    26 |    24 |    46 |    42 ||   138
Block: Buckler           |     2 |     9 |    20 |    25 ||    56

Table legend:
 A = Non-vault XP
 B = Vault XP
 C = Vault XP percentage of total XP
 D = Non-vault monster count
 E = Vault monster count
 F = Vault count percentage of total count
                 A         B        C        D         E       F
            +---------+---------+-------+---------+---------+-------
      Total |    6244 |    1283 |  17.0 |     221 |      21 |   8.7
            +---------+---------+-------+---------+---------+-------
        D:1 |      22 |       0 |   0.0 |      13 |       0 |   0.0
        D:2 |     173 |       0 |   0.0 |      32 |       0 |   0.0
        D:3 |     225 |      75 |  25.0 |      29 |       4 |  12.1
        D:4 |     171 |       0 |   0.0 |      23 |       0 |   0.0
        D:5 |     660 |      14 |   2.1 |      24 |       1 |   4.0
        D:6 |     485 |       0 |   0.0 |      16 |       0 |   0.0
        D:7 |    1285 |       0 |   0.0 |      28 |       0 |   0.0
        D:8 |     347 |       0 |   0.0 |      11 |       0 |   0.0
        D:9 |     846 |     769 |  47.6 |      23 |      10 |  30.3
       D:10 |    1851 |     425 |  18.7 |      17 |       6 |  26.1
       D:11 |     179 |       0 |   0.0 |       5 |       0 |   0.0
            +---------+---------+-------+---------+---------+-------
